 Dungeon Crawl Stone Soup version 0.18.1-50-g88ac8fd (webtiles) character file.

945 Aleksmastering the Covered (level 7, 0/55 HPs)
             Began as a Demonspawn Fighter on Sept 22, 2016.
             Succumbed to Dowan's poison
             ... on level 5 of the Dungeon.
             The game lasted 00:21:32 (4429 turns).

Aleksmastering the Covered (Demonspawn Fighter)     Turns: 4429, Time: 00:21:32

Health: 0/55       AC:  8    Str: 23    XL:     7   Next: 89%
Magic:  7/7        EV:  9    Int: 10    God:
Gold:   135        SH: 10    Dex: 15    Spells: 0 memorised, 6 levels left

rFire  . . .     SeeInvis .     a - +1 long sword
rCold  . . .     Gourm    .     b - +0 scale mail
rNeg   . . .     Faith    .     c - +0 shield
rPois  .         Spirit   .     (helmet restricted)
rElec  .         Dismiss  .     (no cloak)
rCorr  +         Reflect  .     r - +0 pair of gloves
SustAt .         Harm     .     (no boots)
MR     .....                    (no amulet)
Stlth  ..........               g - ring of resist corrosion
                                i - +3 ring of dexterity

@: mighty, lethally poisoned (0 -> -14), not resistant to hostile enchantments,
extremely unstealthy
A: horns 1, foul stench 2, rot immunity
a: no special abilities


You were on level 5 of the Dungeon.
You were hungry.

You visited 2 branches of the dungeon, and saw 6 of its levels.

You collected 135 gold pieces.

Inventory:

Hand Weapons
 a - a +1 long sword (weapon)
Armour
 b - a +0 scale mail (worn)
 c - a +0 shield (worn)
 r - a +0 pair of gloves (worn)
Jewellery
 g - a ring of resist corrosion (right hand)
 i - a +3 ring of dexterity (left hand)
Wands
 l - a wand of confusion (28/48)
Scrolls
 e - 2 scrolls of enchant armour
 k - a scroll of recharging
 m - a scroll of blinking
Comestibles
 f - 3 bread rations
 h - 3 beef jerkies
 p - a meat ration
 s - 30 fruits
 v - a royal jelly


   Skills:
 + Level 4.6 Fighting
 + Level 3.9 Long Blades
 + Level 5.6 Armour
 - Level 2.0 Dodging
 + Level 4.6 Shields


You had 6 spell levels left.
You didn't know any spells.

Dungeon Overview and Level Annotations

Branches:
Dungeon (5/15)             Temple (1/1) D:5

Altars:
Cheibriados
Dithmenos
Kikubaaqudgha
Makhleb
Okawaru
Pakellas
Qazlal
Ru
Sif Muna
Trog
Vehumet
Xom
Yredelemnul
Zin

Shops:
D:4 *

Annotations:
D:4 Nordron's ghost, amateur OpTm; Pikel


Innate Abilities, Weirdness & Mutations

You have a pair of small horns on your head.
You frequently emit foul miasma when damaged in melee.
You are immune to rotting.


Message History

You block Dowan's attack. Dowan closely misses you.
You slash Dowan!
You kill Dowan!
* * * LOW HITPOINT WARNING * * *
You feel very sick.
* * * LOW HITPOINT WARNING * * *
You feel sick.
Things that are here:
a dagger of venom; a robe; a short sword of speed There isn't anything to butcher here.
* * * LOW HITPOINT WARNING * * *
You feel sick.
You feel very mighty all of a sudden.
* * * LOW HITPOINT WARNING * * *
You feel sick.
* * * LOW HITPOINT WARNING * * *
You feel sick.
* * * LOW HITPOINT WARNING * * *
You feel sick.
You die...

......#...######.#.##
####.##..............
#.###..###.......#
#.# #..# #.#####.#
#.# #..# #.# #.# #..#
#.# #.# #..# #§# #.#
#..# #§#####.# #.#
#..# #.§.@...# #.#
##.##.##.# ####.#
#..##...#.##.. ....<#
#............# ######
##.##...#.##.# #
.......# ####......
########


There were no monsters in sight!

Vanquished Creatures
  Duvessa (D:5)
  An ice beast (D:5)
  A slave (D:3)
  An ogre (D:5)
  Dowan (D:5)
  The ghost of Ginkk the Skirmisher, a weakling DsAK of Lugonu (D:5)
  2 howler monkeys (D:5)
  A crimson imp (D:5)
  2 hounds (D:5)
  2 orc priests
  3 orc wizards
  3 worker ants
  Robin (D:3)
  3 adders
  An ooze (D:3)
  7 worms
  3 dart slugs
  17 orcs
  A ball python (D:1)
  A giant cockroach (D:1)
  17 goblins
  11 hobgoblins
  13 jackals
  11 kobolds
  A ball python skeleton (D:4)
  11 bats
  3 giant newts
  15 rats
  A plant (D:2)
136 creatures vanquished.

Notes
Turn   | Place    | Note
--------------------------------------------------------------
     0 | D:1      | Aleksmastering the Demonspawn Fighter began the quest for the Orb.
     0 | D:1      | Reached XP level 1. HP: 18/18 MP: 1/1
    94 | D:1      | Gained mutation: You are immune to rotting. [demonic ancestry]
    94 | D:1      | Reached XP level 2. HP: 24/24 MP: 2/2
   275 | D:1      | Gained mutation: You have a pair of small horns on your head. [demonic ancestry]
   275 | D:1      | Reached XP level 3. HP: 21/29 MP: 3/3
   722 | D:2      | Reached skill level 3 in Armour
  1083 | D:2      | Reached skill level 1 in Dodging
  1092 | D:2      | Gained mutation: You may emit foul miasma when damaged in melee. [demonic ancestry]
  1092 | D:2      | Reached XP level 4. HP: 18/37 MP: 4/4
  1809 | D:3      | Noticed Robin
  1813 | D:3      | Killed Robin
  1866 | D:3      | Reached XP level 5. HP: 39/42 MP: 5/5
  2177 | D:4      | Noticed Pikel
  2177 | D:4      | Noticed a slave
  2177 | D:4      | Noticed a slave
  2177 | D:4      | Noticed a slave
  2177 | D:4      | Noticed a slave
  2217 | D:3      | Killed a slave
  2485 | D:4      | Found Ncsair's Needful Niceties.
  3023 | D:4      | Found a basalt altar of Yredelemnul.
  3111 | D:4      | Noticed Nordron's ghost (amateur OpTm)
  3132 | D:5      | Entered Level 5 of the Dungeon
  3157 | D:5      | Gained mutation: You frequently emit foul miasma when damaged in melee. [demonic ancestry]
  3157 | D:5      | Reached XP level 6. HP: 45/48 MP: 6/6
  3173 | D:5      | Reached skill level 4 in Armour
  3548 | D:5      | Found a burning altar of Makhleb.
  3600 | D:5      | Reached XP level 7. HP: 41/54 MP: 7/7
  3757 | D:5      | Reached skill level 5 in Armour
  4128 | D:5      | Found a staircase to the Ecumenical Temple.
  4144 | Temple   | Entered the Ecumenical Temple
  4252 | D:5      | Noticed Ginkk's ghost (weakling DsAK)
  4265 | D:5      | Killed Ginkk's ghost
  4399 | D:5      | Noticed Dowan
  4402 | D:5      | Noticed Duvessa
  4411 | D:5      | Killed Duvessa
  4423 | D:5      | Killed Dowan
  4428 | D:5      | HP: 2/55 [poisoned by Dowan]
  4429 | D:5      | Succumbed to Dowan's poison

Skill      XL: |  1  2  3  4  5  6  7 |
---------------+----------------------+-----
Shields        | 3 4 |  4.6
Armour         | 3 4 5 |  5.6
Long Blades    | 2 3 |  3.9
Dodging        | 1 2 |  2.0
Fighting       | 4 |  4.6

Action                   |  1- 3 |  4- 6 |  7- 9 || total
-------------------------+-------+-------+-------++-------
Melee: Long sword        |   196 |   280 |    62 ||   538
       Headbutt          |    23 |    58 |    15 ||    96
  Use: Scroll            |       |     5 |     2 ||     7
       Potion            |       |     2 |     2 ||     4
  Eat: Chunk             |     1 |     9 |     2 ||    12
Armor: Scale mail        |    64 |   130 |    30 ||   224
       Skin              |       |     2 |       ||     2
Dodge: Dodged            |    45 |    96 |    20 ||   161
Block: Shield            |    74 |   121 |    29 ||   224
